 Dungeon Crawl Stone Soup version 0.31-a0-1529-g7bd419a0e5 (webtiles) character file.

Game seed: 8807057120725106472

1843 graki42 the Mimic (level 9, -1/54 HPs)
             Began as an Octopode Shapeshifter on Dec 31, 2023.
             Was a Believer of Uskayaw.
             Slain by a sleepcap (21 damage)
             ... on level 6 of the Dungeon.
             The game lasted 00:16:47 (5846 turns).

graki42 the Mimic (Octopode Shapeshifter)           Turns: 5846, Time: 00:16:48

Health: -1/54      AC:  1    Str: 13    XL:     9   Next: 12%
Magic:  9/9        EV:  2    Int: 13    God:    Uskayaw [**....]
Gold:   397        SH:  0    Dex: 15    Spells: 8/8 levels left

rFire   . .          .
                       - Unarmed
rCold   + . .        (no shield)
rNeg    . . .        (helmet restricted)
rPois   .            (no amulet)
rElec   .            e - ring of protection from cold
rCorr   .            (no ring)
SInv    .            (no ring)
Will    .....        (no ring)
Stlth   +++          (no ring)
HPRegen 0.29/turn    (no ring)
MPRegen 0.11/turn    (no ring)
                     (no ring)

%: no passive effects
@: maw-form, sleeping
A: devouring maw, almost no armour, amphibious, 8 rings, camouflage 1,
gelatinous body 1, (nimble swimmer 1), tentacles
a: Begin Untransformation, Renounce Religion, Stomp, Line Pass


You were on level 6 of the Dungeon.
You worshipped Uskayaw.
Uskayaw was noncommittal.
You were a creature with a mouth for a stomach.
You visited 2 branches of the dungeon, and saw 7 of its levels.

You collected 397 gold pieces.

Inventory:

Missiles
 r - 2 throwing nets
Jewellery
 e - a ring of protection from cold (left tentacle)
 q - a ring of ice
Talismans
 b - a beast talisman
 c - a flux talisman
 m - a maw talisman (active)
Wands
 f - a wand of polymorph (15)
 n - a wand of flame (28)
Scrolls
 d - 2 scrolls of revelation
 g - 2 scrolls of fog {unknown}
 i - 2 scrolls of enchant weapon {unknown}
 j - 3 scrolls of noise {unknown}
 o - 3 scrolls of teleportation {unknown}
Potions
 a - a potion of lignification
 k - a potion of attraction
 l - 2 potions of mutation {unknown}
 p - a potion of haste


   Skills:
 + Level 2.2 Fighting
 + Level 2.9 Dodging
 + Level 2.7 Stealth
 + Level 3.6 Unarmed Combat
 + Level 10.2 Shapeshifting


You had 8 spell levels left.
You didn't know any spells.
Your spell library contained the following spells:

 Spells                   Type           Power      Damage    Failure   Level
 Blink                    Tloc           0%         N/A       43%         2
 Lesser Beckoning         Tloc           0%         N/A       43%         2
 Momentum Strike          Conj/Tloc      0%         3d8       43%         2
 Gell's Gravitas          Tloc           0%         N/A       67%         3
 Stone Arrow              Conj/Erth      0%         3d7       67%         3
 Teleport Other           Tloc           0%         N/A       67%         3
 Lehudib's Crystal Spear  Conj/Erth      0%         10d2      100%        8
 Animate Armour           Summ/Erth      Unusable   N/A       N/A         4

Dungeon Overview and Level Annotations

Branches:
Dungeon (6/15)             Temple (1/1) D:5

Altars:
Ashenzari
Cheibriados
Dithmenos
Elyvilon
Gozag
Hepliaklqana
Kikubaaqudgha
Makhleb
Okawaru
Qazlal
Ru
Trog
Uskayaw
Vehumet
Wu Jian
Xom
Zin
The Shining One


Innate Abilities, Weirdness & Mutations

You are a creature with a mouth for a stomach.
Your midsection houses a second, enormous mouth.
You cannot wear most types of armour.
You are amphibious.
You can wear up to eight rings at the same time.
Your skin changes colour to match your surroundings (Stealth+).
Your rubbery body absorbs attacks. (AC +1, EV +1)
((You are camouflaged when in or above water. (Stealth+)))
You have tentacles for arms and can constrict up to eight enemies at once.


Message History

You kill the orc wizard!
The orc wizard points at you and mumbles some strange words.
You are confused.
Unknown command.
Found a stone staircase leading down.
You miss the orc wizard. Your bite misses the orc wizard.
You closely miss the orc wizard. Your squeeze misses the orc wizard.
You bite the orc wizard, but do no damage.
The orc wizard misses you. The orc hits you with a +0 flail.
You bludgeon the orc wizard! Your bite misses the orc wizard.
The orc wizard is heavily wounded.
The orc wizard barely misses you. The orc hits you with a +0 flail.
You can now pass through a line of other dancers.
You're too confused to move!
The orc wizard casts a spell at you. The magic dart hits you!
The orc misses you. The sleepcap releases spores at you!
The sleepcap closely misses you.
You feel less confused. The orc wizard casts a spell at you.
The magic dart hits you. The orc attacks as it pursues you!
The orc hits you with a +0 flail.
Unknown command.
You tentacle-slap the orc but do no damage.
You grab the orc.
You constrict the orc, but do no damage.
The orc hits you with a +0 flail.
You can no longer pass through a line of other dancers.
Unknown command.
You tentacle-slap the sleepcap. You grab the sleepcap. You bite the sleepcap.
The sleepcap is moderately damaged.
You constrict the orc.
You constrict the sleepcap, but do no damage.
The sleepcap releases spores at you.
You are engulfed in a cloud of soporific spores!
You fall asleep.
You lose your grip on the orc.
You lose your grip on the sleepcap.
You can now pass through a line of other dancers.
The sleepcap releases spores at you!!
You die...

.<..............#
#...............#
##...............##
..................###
............)........
........)........# ##
.......o.........# .# .
.......of.$......# ~##..
.......W.#.....#######..
............:...........
.......######...[..#....
.>..... #.....#[.....
#.....# ####...).#..#...
#..... ..........#.## ##
...#.. ....##....#..#
......[.... #####...#
.....#####..#.#


You could see a sleepcap, an orc wizard and an orc.

Vanquished Creatures
  Eustachio (D:5)
  An ice beast (D:5)
  A sky beast (D:6)
  An ogre (D:4)
  A centaur (D:6)
  Blork the orc (D:5)
  3 scorpions
  5 wights
  A hound (D:5)
  2 bombardier beetles
  A jelly (D:6)
  4 orc priests
  5 iguanas
  Natasha (D:4)
  5 orc wizards
  4 gnolls (D:4)
  9 adders
  2 shadow imps (D:4)
  4 white imps (D:4)
  5 ufetubi
  3 dart slugs (D:1)
  10 orcs
  8 ball pythons
  5 bats
  9 endoplasms
  3 giant cockroaches
  5 goblins
  12 hobgoblins
  16 jackals
  3 quokkas
  3 frilled lizards
  A kobold (D:2)
  4 rats
139 creatures vanquished.

Vanquished Creatures (collateral kills)
  A jelly (D:4)
1 creature vanquished.

Grand Total: 140 creatures vanquished

Notes
Turn   | Place    | Note
-------+----------+-------------------------------------------
     0 | D:1      | graki42 the Octopode Shapeshifter began the quest for the
                  | Orb.
     0 | D:1      | Reached XP level 1. HP: 13/13 MP: 1/1
    36 | D:1      | Reached XP level 2. HP: 5/18 MP: 2/2
   298 | D:1      | Reached XP level 3. HP: 19/23 MP: 3/3
   323 | D:1      | Reached skill level 4 in Shapeshifting
   631 | D:2      | Found a faded altar of an unknown god.
   735 | D:2      | Reached XP level 4. HP: 18/27 MP: 4/4
   981 | D:2      | Reached skill level 5 in Shapeshifting
   982 | D:2      | Reached XP level 5. HP: 28/33 MP: 5/5
  1886 | D:3      | You fall into a shaft and drop 2 floors!
  1886 | D:5      | Entered Level 5 of the Dungeon
  1965 | D:5      | Reached skill level 6 in Shapeshifting
  2023 | D:5      | Reached XP level 6. HP: 22/38 MP: 6/6
  2118 | D:5      | Noticed Eustachio
  2343 | D:4      | Reached skill level 7 in Shapeshifting
  2343 | D:4      | Reached XP level 7. HP: 32/43 MP: 7/7
  2561 | D:4      | Found a shadowy altar of Dithmenos.
  3003 | D:4      | Found a glowing golden altar of the Shining One.
  3035 | D:4      | Reached skill level 8 in Shapeshifting
  3450 | D:4      | Noticed Natasha
  3454 | D:4      | Killed Natasha
  3967 | D:5      | Reached XP level 8. HP: 35/48 MP: 8/8
  4108 | D:5      | Found a staircase to the Ecumenical Temple.
  4115 | D:5      | Killed Eustachio
  4116 | D:5      | Reached skill level 9 in Shapeshifting
  4117 | Temple   | Entered the Ecumenical Temple
  4128 | Temple   | Became a worshipper of Uskayaw the Reveller
  4149 | D:5      | Reached * piety under Uskayaw
  4154 | D:5      | Reached ** piety under Uskayaw
  4409 | D:5      | Noticed Blork the orc
  4431 | D:5      | Killed Blork the orc
  4953 | D:6      | Reached skill level 10 in Shapeshifting
  5220 | D:6      | Reached skill level 1 in Stealth
  5226 | D:6      | Reached *** piety under Uskayaw
  5366 | D:6      | Reached XP level 9. HP: 49/54 MP: 9/9
  5380 | D:6      | HP: 2/54 [poisoned by an orc wizard]
  5846 | D:6      | Slain by a sleepcap

Illustrated notes

Levels and vault maps discovered:
D:1:      minmay_arrival_shattered_statue, layout_rooms,
          minmay_misc_feat_columns
D:2:      layout_basic, dreamdust_ecumenical_altar_grove
D:3:      layout_rooms, serial_curves, eino_curves_03, eino_curves_02,
          eino_curves_01, eino_curves_04, minivault_23, chequers_jeans
D:4:      layout_loops_ring, nicolae_dithmenos_the_darkroom, tso_oasis_becter,
          serial_demonic, serial_demonic_b, serial_demonic_b, serial_demonic_b,
          serial_demonic_b, serial_demonic_g, serial_demonic_d, uniq_natasha
D:5:      layout_loops_ring, minmay_temple_entry_wispy, uniq_eustachio,
          uniq_blork_the_orc
D:6:      layout_rooms, serial_aquarium, aquarium_bridge_long_joined
          [aquarium_subvault_wall, aquarium_subvault_window,
          aquarium_subvault_window, aquarium_subvault_bridge,
          aquarium_subvault_wall, aquarium_subvault_bridge], aquarium_window_2,
          aquarium_window_fake, aquarium_view_2b, aquarium_pool_side
Temple:   nicolae_temple_superstar

Skill      XL: |  1  2  3  4  5  6  7  8  9 |
---------------+----------------------------+-----
Shapeshifting  | 4 5 6 7 8 10 | 10.2
Stealth        | 2 |  2.7
Fighting       | 2 |  2.2
Dodging        | |  2.9
Unarmed Combat | |  3.6

Action                     |  1- 3 |  4- 6 |  7- 9 || total
---------------------------+-------+-------+-------++-------
  Melee: Unarmed           |    55 |   106 |   199 ||   360
         Constrict         |    11 |    29 |    41 ||    81
         Tentacles         |    14 |    27 |    52 ||    93
         Punch             |     2 |     5 |     3 ||    10
         Maw               |       |       |    25 ||    25
    Use: Scroll            |       |       |     6 ||     6
         Potion            |       |       |     2 ||     2
   Stab: Sleeping          |     3 |     5 |     3 ||    11
         Distracted        |       |       |     1 ||     1
 Armour: Skin              |    17 |    35 |   113 ||   165
  Dodge: Dodged            |    28 |    65 |   113 ||   206
   Form: Maw               |       |       |     1 ||     1

Table legend: (Time is in decaauts)
 A = Elapsed time spent in this place.
 B = Non-inter-level travel time spent in this place.
 C = Inter-level travel time spent in this place.
 D = Time resting spent in this place.
 E = Time spent auto-exploring this place.
 F = Levels seen in this place.
 G = Mean time per level.
                   A        B        C        D        E       F      G
               +--------+--------+--------+--------+--------+-----+--------+
         Total |   5831 |   5609 |    222 |   1349 |   3254 |   7 |  833.0 |
       Dungeon |   5808 |   5586 |    222 |   1349 |   3254 |   6 |  968.0 |
        Temple |     22 |     22 |      0 |      0 |      0 |   1 |   22.0 |
               +--------+--------+--------+--------+--------+-----+--------+

Top non-repeatable levels by time:
     D:5: 1960 daAuts
     D:4: 1321 daAuts
     D:2: 800 daAuts
     D:3: 773 daAuts
     D:1: 500 daAuts
     D:6: 452 daAuts
  Temple: 22 daAuts
